 Dungeon Crawl Stone Soup version 0.31-a0-664-g902f515a81 (webtiles) character file.

Game seed: 9634800463489102462

154 GigaChad the Shield-Bearer (level 5, -2/42 HPs)
             Began as a Formicid Fighter on Sept 3, 2023.
             Killed from afar by an orc wizard (6 damage)
             ... with a magic dart
             ... on level 3 of the Dungeon.
             The game lasted 00:03:53 (2132 turns).

GigaChad the Shield-Bearer (Formicid Fighter)       Turns: 2132, Time: 00:03:54

Health: -2/42      AC:  8    Str: 23    XL:     5   Next: 62%
Magic:  5/5        EV: 14    Int: 10    God:
Gold:   143        SH:  0    Dex: 13    Spells: 4/4 levels left

rFire   . . .        n - +8 mace "Killer Klown's Peril" {heavy, rC+ Will+ Int+3}
rCold   + . .        c - +0 buckler
rNeg    . . .        b - +0 scale mail
rPois   .            (helmet unavailable)
rElec   .            l - +0 cloak
rCorr   .            (no gloves)
SInv    +            (no boots)
Will    +....        f - amulet of the acrobat Stlth
                     q - +5 ring of evasion
HPRegen 0.27/turn    (no ring)
MPRegen 0.09/turn

%: acrobat
@: confused
A: permanent stasis, dig shafts and tunnels, antennae 3, four strong arms
a: Dig, Shaft Self


You were on level 3 of the Dungeon.
You visited 1 branch of the dungeon, and saw 3 of its levels.

You collected 143 gold pieces.

Inventory:

Hand Weapons
 a - a +0 war axe
 n - the +8 mace "Killer Klown's Peril" (weapon) {heavy, rC+ Will+ Int+3}
   (You found it on level 2 of the Dungeon)

   Int+3:     It affects your intelligence (+3).
   rC+:       It protects you from cold.
   Will+:     It increases your willpower.
Missiles
 p - a throwing net
Armour
 b - a +0 scale mail (worn)
 c - a +0 buckler (worn)
 l - a +0 cloak (worn)
Jewellery
 f - an amulet of the acrobat (around neck)
 q - a +5 ring of evasion (left hand)
Wands
 k - a wand of digging (7)
Scrolls
 e - a scroll of immolation
 h - a scroll of fog {unknown}
Potions
 d - 3 potions of might
 g - a potion of magic {unknown}
 i - a potion of brilliance {unknown}
 j - a potion of haste {unknown}
 m - a potion of lignification {unknown}
 o - a potion of cancellation {unknown}
 r - 2 potions of curing {unknown}


   Skills:
 * Level 4.1 Fighting
 - Level 3.0(3.1) Axes
 * Level 1.1(2.2) Maces & Flails
 * Level 4.4 Armour
 * Level 4.9 Shields


You had 4 spell levels left.
You didn't know any spells.
Your spell library was empty.

Dungeon Overview and Level Annotations

Branches:
Dungeon (3/15)

Altars:
Makhleb
Ru
Xom


Innate Abilities, Weirdness & Mutations

You cannot be hasted, slowed, berserked, paralysed or teleported.
You can dig through walls and to a lower floor.
You have a pair of large antennae on your head. (SInv)
Your four strong arms can wield two-handed weapons with a shield.


Message History

You kill the orc!
You block the orc wizard's attack. The orc priest barely misses you.
The orc wizard hits you with a +0 dagger.
The orc priest misses you.
Unknown command.
Found a stone staircase leading down.
The orc wizard completely misses you.
The orc priest begins to cast a cantrip, but forgets the words!
You see here a +0 dagger.
Unknown command.
The orc wizard completely misses you. The orc priest closely misses you.
Unknown command.
The orc wizard points at you and mumbles some strange words.
You resist with almost no effort.
You completely miss the orc priest.
The orc priest is almost dead.
The orc wizard casts a spell at you.
You are confused.
The orc priest hits you with a +0 mace.
An orc wizard comes into view. It is wielding a +0 dagger.
Unknown command.
The orc wizard shouts!
You sock the orc wizard!
You kill the orc wizard!
The orc priest calls down the wrath of Beogh upon you.
You resist with some effort.
The orc priest calls down the wrath of Beogh upon you.
Beogh smites you!
* * * LOW HITPOINT WARNING * * *
The orc wizard gestures wildly while chanting.
The orc wizard flickers and vanishes for a moment.
Your base Maces & Flails skill increases to level 1!
You bump into the rock wall.
The orc priest closely misses you.
Unknown command.
You barely miss the orc priest.
The orc priest is almost dead.
The orc priest hits you with a +0 mace.
* * * LOW HITPOINT WARNING * * *
The orc wizard points at you and mumbles some strange words.
The magic dart hits you.
You die...

#.# ## ## #.#
.. .. .>. #
.##.# o..# #..#
#..#######
#o@.......
#######)#######
.......).......
#######.#######
#.# ### #.#
..### #.# #...#
.#######.##
###.##
......†...#


You could see an orc priest and an orc wizard (invisible).

Vanquished Creatures
  Terence (D:2)
  An orc wizard (D:3)
  4 gnolls (D:3)
  An adder (D:2)
  2 worms (D:2)
  An orc (D:3)
  2 bats
  5 endoplasms
  6 goblins
  4 hobgoblins
  6 jackals
  4 ball pythons
  A frilled lizard (D:1)
  7 kobolds
  6 rats
51 creatures vanquished.

Notes
Turn   | Place    | Note
-------+----------+-------------------------------------------
     0 | D:1      | GigaChad the Formicid Fighter began the quest for the Orb.
     0 | D:1      | Reached XP level 1. HP: 18/18 MP: 1/1
   163 | D:1      | Reached XP level 2. HP: 24/24 MP: 2/2
   462 | D:2      | Found a faded altar of an unknown god.
   587 | D:2      | Found a shimmering altar of Xom.
   592 | D:2      | Noticed Terence
   595 | D:2      | Reached XP level 3. HP: 29/29 MP: 3/3
   612 | D:2      | Killed Terence
   613 | D:2      | Reached XP level 4. HP: 5/37 MP: 4/4
  1200 | D:2      | Identified the +8 mace "Killer Klown's Peril" {heavy, rC+
                  | Will+ Int+3}
  1365 | D:2      | Identified the +0 leather armour "Xap Cev" {rCorr Str+3}
  1510 | D:3      | Reached XP level 5. HP: 22/42 MP: 5/5
  1511 | D:3      | HP: 2/42 [gnoll/+0 flail (4)]
  2000 | D:3      | Found a sacrificial altar of Ru.
  2017 | D:3      | Found a burning altar of Makhleb.
  2131 | D:3      | Reached skill level 1 in Maces & Flails
  2132 | D:3      | Killed from afar by an orc wizard

Illustrated notes

Levels and vault maps discovered:
D:1:      minmay_arrival_radiant_lines, layout_rooms, kennysheep_nondescript,
          wander_ebering_terrifying_dragon_lair
D:2:      layout_basic, basic_altar, ebering_ecumenical_altar_ruins,
          dk_vineyard_1, uniq_terence
D:3:      layout_basic, mainiacjoe_overflow_swirl, minmay_ogre_servants

Skill      XL: |  1  2  3  4  5 |
---------------+----------------+-----
Axes           | 3 |  3.0
Armour         | 4 |  4.4
Fighting       | 4 |  4.1
Maces & Flails | 1 |  1.1
Shields        | |  4.9

Action                     |  1- 3 |  4- 6 || total
---------------------------+-------+-------++-------
  Melee: War axe           |    69 |    23 ||    92
         Mace              |       |    44 ||    44
Ability: Dig               |       |     1 ||     1
    Use: Scroll            |       |     3 ||     3
 Armour: Scale mail        |    43 |    44 ||    87
  Dodge: Dodged            |    34 |    55 ||    89
  Block: Buckler           |    14 |    24 ||    38

Table legend: (Time is in decaauts)
 A = Elapsed time spent in this place.
 B = Non-inter-level travel time spent in this place.
 C = Inter-level travel time spent in this place.
 D = Time resting spent in this place.
 E = Time spent auto-exploring this place.
 F = Levels seen in this place.
 G = Mean time per level.
                   A        B        C        D        E       F      G
               +--------+--------+--------+--------+--------+-----+--------+
         Total |   2213 |   2171 |     42 |    335 |   1387 |   3 |  737.7 |
       Dungeon |   2213 |   2171 |     42 |    335 |   1387 |   3 |  737.7 |
               +--------+--------+--------+--------+--------+-----+--------+

Top non-repeatable levels by time:
     D:2: 1430 daAuts
     D:1: 456 daAuts
     D:3: 326 daAuts
